 Dungeon Crawl Stone Soup version 0.17.0-28-g6e173f8 (webtiles) character file.

1450 R18 the Destroyer (level 8, 0/52 HPs)
             Began as a Demonspawn Conjurer on Nov 30, 2015.
             Killed from afar by an electric eel (5 damage)
             ... with a bolt of electricity
             ... on level 6 of the Dungeon.
             The game lasted 00:13:45 (4880 turns).

R18 the Destroyer (Demonspawn Conjurer)             Turns: 4880, Time: 00:13:46

Health: 0/52       AC:  3    Str: 10    XL:     8   Next: 47%
Magic:  0/15       EV: 12    Int: 18    God:
Gold:   273        SH:  0    Dex: 13    Spells: 4 memorised, 5 levels left

rFire  . . .     SeeInvis .     m - +1 halberd
rCold  . . .     Clarity  .     a - +0 robe
rNeg   + . .     SustAt   .     (shield currently unavailable)
rPois  .         Gourm    .     (helmet restricted)
rElec  .         Spirit   +     (no cloak)
rCorr  .         Warding  .     (no gloves)
rMut   .         Stasis   .     l - +0 pair of boots
MR     .....                    v - amulet of rage
Stlth  ++........               (no ring)
                                o - ring of positive energy

@: not resistant to hostile enchantments, unstealthy
A: antennae 1, spiny 1, magic shield
a: Evoke Berserk Rage


You were on level 6 of the Dungeon.
You were not hungry.

You visited 1 branch of the dungeon, and saw 6 of its levels.

You collected 273 gold pieces.

Inventory:

Hand Weapons
 f - a +0 dagger
 m - a +1 halberd (weapon)
 u - a +0 blowgun
Missiles
 x - 19 poisoned needles
Armour
 a - a +0 robe (worn)
 l - a +0 pair of boots (worn)
 z - a +1 plate armour of magic resistance
Jewellery
 e - a cursed ring of teleportation
 h - an uncursed ring of ice
 o - a ring of positive energy (left hand)
 v - an amulet of rage (around neck)
Wands
 s - a wand of lightning (5)
 B - a wand of digging (21)
Scrolls
 p - 2 scrolls of teleportation
Potions
 d - a potion of haste {unknown}
 j - a potion of flight
 A - 4 potions of lignification
Books
 b - a book of Conjurations

   Spells                             Type                      Level
   a - Magic Dart                     Conjuration                  1
   b - Searing Ray                    Conjuration                  2
   c - Dazzling Spray                 Conjuration/Hexes            3
   d - Fulminant Prism                Conjuration/Hexes            4
   e - Iskenderun's Mystic Blast      Conjuration                  4
   f - Iskenderun's Battlesphere      Conjuration/Charms           5
 C - a book of Maledictions

   Spells                             Type                      Level
   a - Corona                         Hexes                        1
   b - Ensorcelled Hibernation        Hexes/Ice                    2
   c - Confuse                        Hexes                        3
   d - Tukima's Dance                 Hexes                        3
   e - Dazzling Spray                 Conjuration/Hexes            3
Comestibles
 c - 6 bread rations
 g - a beef jerky
 k - 3 fruits
 r - 3 meat rations


   Skills:
 + Level 2.0 Polearms
 - Level 1.7 Dodging
 - Level 1.7 Stealth
 * Level 5.2 Spellcasting
 - Level 13.5 Conjurations


You had 5 spell levels left.
You knew the following spells:

 Your Spells              Type           Power        Failure   Level  Hunger
a - Magic Dart            Conj           ####         1%          1    None
b - Searing Ray           Conj           ######       1%          2    #......
c - Iskenderun's Mystic   Conj           ######..     1%          4    ####...
d - Iskenderun's Battles  Conj/Chrm      ####....     24%         5    ######.


Dungeon Overview and Level Annotations

Branches:
Dungeon (6/15)
 Temple: D:4-7

Altars:
Ashenzari
Cheibriados
Makhleb
Nemelex Xobeh
Qazlal
Ru
Sif Muna
Yredelemnul


Innate Abilities, Weirdness & Mutations

You have a pair of small antennae on your head.
You are partially covered in sharp spines.
When hurt, damage is shared between your health and your magic reserves.


Message History

The bolt of electricity misses the giant newt.
The bolt of electricity hits you!
The bolt of electricity misses your butterfly.
The giant newt closely misses you.
Unknown command.
Drink which item? (? for menu, Esc to quit)
Okay, then.
The electric eel shoots out a bolt of lightning at you!
The bolt of electricity hits the giant newt.
The giant newt dies!
The bolt of electricity hits you!
* * * LOW HITPOINT WARNING * * *
You see here a war axe.
Unknown command.
Unknown command.
The electric eel shoots out a bolt of lightning at you!
The bolt of electricity hits your butterfly.
Your butterfly dies!
The bolt of electricity hits you!
You die...

.........# .
.........#....
.........#.... .#
.......... .... .<
..:....>.# ... ..
........!## .#.. ..
....b.b...# .#..##### ..
........).##.#......# ..
≈≈≈;≈(...@...####...####..
≈≈##≈...##.b.b......<.....
#≈..#....####.>........
#≈≈.........###...###.#.
#≈≈.........###...# #..#
#≈≈..........###### #..#
##≈..........)#######..#
#≈###...####)...).....# ≈≈
##.## ###....#...#


You could see an electric eel.

Vanquished Creatures
  The ghost of R18 the Shooter, an amateur DsHu (D:5)
  A water moccasin (D:5)
  A phantom (D:6)
  A centaur (D:5)
  Blork the orc (D:5)
  An electric eel (D:6)
  A gnoll shaman (D:4)
  6 hounds
  A giant frog skeleton (D:5)
  2 iguanas
  An orc wizard (D:6)
  A hound zombie (D:5)
  7 gnolls
  7 adders
  A shadow imp (D:5)
  3 oozes
  An adder skeleton (D:5)
  2 worms (D:3)
  6 giant geckos
  9 orcs
  2 ball pythons (D:1)
  4 giant cockroaches
  3 goblins
  7 hobgoblins
  10 kobolds
  A quokka (D:2)
  4 bats
  9 giant newts
  A quokka skeleton (D:5)
  8 rats
103 creatures vanquished.

Vanquished Creatures (others)
  An orc wizard (D:5)
  A worm (D:6)
  3 orcs (D:5)
  A giant newt (D:6)
6 creatures vanquished.

Grand Total: 109 creatures vanquished

Notes
Turn   | Place    | Note
--------------------------------------------------------------
     0 | D:1      | R18 the Demonspawn Conjurer began the quest for the Orb.
     0 | D:1      | Reached XP level 1. HP: 13/13 MP: 3/3
   150 | D:1      | Gained mutation: You are partially covered in sharp spines. [demonic ancestry]
   150 | D:1      | Reached XP level 2. HP: 13/19 MP: 0/5
   542 | D:1      | Reached XP level 3. HP: 6/24 MP: 0/6
   546 | D:1      | Learned a level 2 spell: Searing Ray
  1185 | D:2      | Reached skill level 5 in Conjurations
  1289 | D:2      | Reached XP level 4. HP: 27/30 MP: 4/8
  1422 | D:2      | Found a burning altar of Makhleb.
  1477 | D:2      | Found a basalt altar of Yredelemnul.
  1737 | D:3      | Learned a level 4 spell: Iskenderun's Mystic Blast
  2260 | D:3      | Found a sacrificial altar of Ru.
  2426 | D:3      | Gained mutation: You have a pair of small antennae on your head. [demonic ancestry]
  2426 | D:3      | Reached XP level 5. HP: 35/35 MP: 9/9
  2504 | D:3      | Found a sacrificial altar of Ru.
  2617 | D:4      | Found a shattered altar of Ashenzari.
  2782 | D:4      | Found a sparkling altar of Nemelex Xobeh.
  2922 | D:4      | Reached skill level 6 in Conjurations
  3030 | D:4      | Found a snail-covered altar of Cheibriados.
  3160 | D:4      | Reached XP level 6. HP: 41/41 MP: 3/11
  3471 | D:5      | Entered Level 5 of the Dungeon
  3513 | D:5      | Noticed Blork the orc
  3519 | D:4      | Reached skill level 13 in Conjurations
  3519 | D:4      | Gained mutation: When hurt, damage is shared between your health and your magic reserves. [demonic ancestry]
  3519 | D:4      | Reached XP level 7. HP: 39/46 MP: 12/12
  3571 | D:5      | Killed Blork the orc
  3647 | D:5      | Learned a level 5 spell: Iskenderun's Battlesphere
  3708 | D:5      | Noticed R18's ghost (amateur DsHu)
  3749 | D:5      | Killed R18's ghost
  3749 | D:5      | Reached skill level 1 in Polearms
  4163 | D:5      | Noticed a water moccasin
  4169 | D:5      | Killed a water moccasin
  4169 | D:5      | Reached XP level 8. HP: 52/52 MP: 8/14
  4443 | D:5      | Found a stormy altar of Qazlal.
  4677 | D:6      | Reached skill level 5 in Spellcasting
  4806 | D:6      | Found a deep blue altar of Sif Muna.
  4880 | D:6      | Killed from afar by an electric eel

Action                   |  1- 3 |  4- 6 |  7- 9 || total
-------------------------+-------+-------+-------++-------
Melee: Unarmed           |    10 |       |       ||    10
       Dagger            |     2 |       |       ||     2
       Halberd           |     4 |    62 |    42 ||   108
 Cast: Magic Dart        |    49 |    18 |    10 ||    77
       Searing Ray       |     1 |     9 |    10 ||    20
       Iskenderun's Myst |       |       |     5 ||     5
  Use: Potion            |     3 |     1 |     5 ||     9
       Scroll            |       |     4 |    11 ||    15
 Stab: Sleeping          |       |     6 |     3 ||     9
       Distracted        |       |       |     1 ||     1
  Eat: Chunk             |     2 |     7 |     4 ||    13
       Beef jerky        |       |       |     1 ||     1
